 Dungeon Crawl Stone Soup version 0.18.1-48-g4cf74bf (webtiles) character file.

5847 antantant the Cleaver (level 10, -2/93 HPs)
             Began as a Minotaur Fighter on July 22, 2016.
             Was a Priest of Okawaru.
             Killed from afar by an electric eel (5 damage)
             ... with a bolt of electricity
             ... on level 10 of the Dungeon.
             The game lasted 00:42:22 (8059 turns).

antantant the Cleaver (Minotaur Fighter)            Turns: 8059, Time: 00:42:23

Health: -2/93      AC: 21    Str: 23    XL:     10   Next: 51%
Magic:  9/9        EV: 10    Int:  5    God:    Okawaru [***...]
Gold:   316        SH: 13    Dex: 14    Spells: 0 memorised, 9 levels left

rFire  . . .     SeeInvis .     a - +1 war axe
rCold  . . .     Gourm    .     e - +0 chain mail
rNeg   . . .     Faith    .     c - +1 shield
rPois  .         Spirit   .     (helmet restricted)
rElec  .         Dismiss  .     w - +1 cloak
rCorr  .         Reflect  .     C - +0 pair of gloves
SustAt .         Harm     .     i - +0 pair of boots
MR     .....                    (no amulet)
Stlth  ..........               m - +5 ring of protection
                                g - +3 ring of strength

@: not resistant to hostile enchantments, extremely unstealthy
A: retaliatory headbutt, horns 2
a: Heroism, Renounce Religion


You were on level 10 of the Dungeon.
You worshipped Okawaru.
Okawaru was most pleased with you.
You were hungry.

You visited 2 branches of the dungeon, and saw 12 of its levels.

You collected 484 gold pieces.
You spent 168 gold pieces at shops.

Inventory:

Hand Weapons
 a - a +1 war axe (weapon)
Missiles
 O - 6 poisoned javelins (quivered)
Armour
 c - a +1 shield (worn)
 e - a +0 chain mail (worn)
 i - a +0 pair of boots (worn)
 w - a +1 cloak (worn)
 C - a +0 pair of gloves (worn)
Jewellery
 g - a +3 ring of strength (left hand)
 m - a +5 ring of protection (right hand)
 o - a +2 ring of strength
 B - an uncursed ring of see invisible
 E - an uncursed ring of stealth
 S - an uncursed ring of fire
 T - an uncursed ring of magical power {unknown}
Wands
 A - a wand of digging (0/24)
 G - a wand of polymorph (10/24)
 H - a wand of enslavement (11/24)
 L - a wand of teleportation (7/9)
Scrolls
 k - a scroll of remove curse
 q - 2 scrolls of noise
 u - 3 scrolls of magic mapping
 y - a scroll of enchant armour
 z - 4 scrolls of identify
 D - 2 scrolls of teleportation
 I - a scroll of enchant weapon
 J - a scroll of immolation {unknown}
 Q - a scroll of vulnerability {unknown}
 R - a scroll of amnesia {unknown}
Potions
 b - 2 potions of berserk rage
 d - 3 potions of might
 l - 4 potions of flight
 n - a potion of ambrosia {unknown}
 r - 4 potions of curing
 s - a potion of magic
 t - 2 potions of cure mutation
 v - 5 potions of mutation
 x - a potion of degeneration
 M - 2 potions of brilliance {unknown}
 P - a potion of beneficial mutation {unknown}
Books
 N - a book of Party Tricks

   Spells                             Type                      Level
   a - Summon Butterflies             Summoning                    1
   b - Apportation                    Translocation                1
   c - Tukima's Dance                 Hexes                        3
   d - Alistair's Intoxication        Transmutation/Poison         5
   e - Invisibility                   Hexes                        6
Comestibles
 f - 11 bread rations
 h - 6 meat rations
 j - a fruit
 F - 2 slices of pizza


   Skills:
 + Level 10.0 Fighting
 * Level 10.1 Axes
 + Level 8.7 Armour
 + Level 6.6 Dodging
 + Level 8.6 Shields


You had 9 spell levels left.
You didn't know any spells.

Dungeon Overview and Level Annotations

Branches:
Dungeon (11/15)            Temple (1/1) D:5
   Lair: D:8-11         Orc: D:9-12

Altars:
Ashenzari
Cheibriados
Dithmenos
Elyvilon
Fedhas
Gozag
Kikubaaqudgha
Makhleb
Nemelex Xobeh
Okawaru
Pakellas
Qazlal
Ru
Sif Muna
Trog
Vehumet
Xom
Yredelemnul
Zin
The Shining One

Shops:
D:7 !


Innate Abilities, Weirdness & Mutations

You reflexively headbutt those who attack you in melee.
You have a pair of horns on your head.


Message History

The electric eel shoots out a bolt of lightning at you!
The bolt of electricity hits you! x2
There is a stone staircase leading down here.
The electric eel shoots out a bolt of lightning at you!
The bolt of electricity hits the electric eel.
The electric eel completely resists.
The bolt of electricity hits you!
The electric eel shoots out a bolt of lightning at you!
The bolt of electricity misses you.
The electric eel shoots out a bolt of lightning at you!
The bolt of electricity misses the electric eel.
The bolt of electricity hits you!
* * * LOW HITPOINT WARNING * * *
The electric eel shoots out a bolt of lightning at you!
The bolt of electricity hits you!
* * * LOW HITPOINT WARNING * * *
The bolt of electricity hits you!
* * * LOW HITPOINT WARNING * * *
The electric eel shoots out a bolt of lightning at you!
The bolt of electricity hits you!
You die...

.. #.#
.....######... #..
≈≈≈≈.≈≈≈≈≈≈##.##.#
≈≈≈≈.≈≈≈≈≈≈# ..#.#
≈≈≈≈.≈≈≈≈≈≈# #.#.#
≈≈≈≈.≈≈≈≈≈≈###.#.#
≈≈≈≈.............#
≈≈≈≈≈;≈≈≈≈≈##.#.@+
≈≈≈≈≈;<..≈≈##....#
≈≈≈≈≈≈≈;.≈≈###...#
≈≈≈≈≈§≈≈........>#
≈≈≈≈≈≈≈≈≈≈;...####
≈≈≈≈≈≈≈≈≈;;...#
≈≈≈≈≈≈≈≈≈≈;...#
≈≈≈≈≈≈≈≈≈≈≈...#
≈≈≈≈≈≈≈≈≈≈≈...#


You could see 3 electric eels.

Vanquished Creatures
  A komodo dragon (D:11)
  A two-headed ogre (D:9)
  Sigmund (D:4)
  The ghost of Galewind the Conjurer, an amateur DECj (D:3)
  A spriggan (D:7)
  A hippogriff (D:7)
  Menkaure (D:7)
  A sky beast (D:5)
  4 ice beasts
  3 orc warriors
  2 black bears (D:9)
  2 phantoms (D:9)
  2 ogres
  A wasp (D:9)
  8 centaurs
  Blork the orc (D:4)
  4 big kobolds (D:9)
  A gnoll sergeant (D:8)
  A giant frog (D:8)
  2 scorpions
  A wyvern skeleton (D:8)
  4 killer bees
  A howler monkey (D:4)
  An electric eel (D:7)
  5 crimson imps
  A giant frog zombie (D:10)
  Crazy Yiuf (D:3)
  2 centaur skeletons (D:4)
  A giant frog skeleton (D:3)
  4 jellies
  6 orc priests
  A gnoll shaman (D:7)
  7 hounds
  13 orc wizards
  Jessica (D:3)
  Ijyb (D:3)
  2 iguanas (D:7)
  4 worker ants
  2 hound zombies
  2 hound skeletons
  A mummy (D:8)
  A howler monkey zombie (D:5)
  8 gnolls
  8 adders
  A worker ant zombie (D:7)
  2 shadow imps
  3 adder skeletons
  3 worms (D:3)
  3 dart slugs
  6 giant geckos
  29 orcs
  A ball python (D:2)
  8 giant cockroaches
  10 goblins
  9 hobgoblins
  7 jackals (D:1)
  25 kobolds
  2 quokkas
  10 bats
  3 giant newts
  A goblin zombie (D:8)
  An orc zombie (D:8)
  A quokka skeleton (D:5)
  A quokka zombie (D:7)
  8 rats
251 creatures vanquished.

Notes
Turn   | Place    | Note
--------------------------------------------------------------
     0 | D:1      | antantant the Minotaur Fighter began the quest for the Orb.
     0 | D:1      | Reached XP level 1. HP: 19/19 MP: 0/0
   138 | D:1      | Reached XP level 2. HP: 27/27 MP: 1/1
   683 | D:1      | Reached XP level 3. HP: 33/33 MP: 2/2
  1263 | D:3      | Reached XP level 4. HP: 41/41 MP: 3/3
  1286 | D:3      | Noticed Jessica
  1288 | D:3      | Noticed Galewind's ghost (amateur DECj)
  1289 | D:3      | Killed Jessica
  1289 | D:3      | Reached skill level 1 in Dodging
  1300 | D:3      | Killed Galewind's ghost
  1300 | D:3      | Reached skill level 5 in Fighting
  1300 | D:3      | Reached skill level 5 in Shields
  1300 | D:3      | Reached XP level 5. HP: 14/48 MP: 4/4
  1300 | D:3      | Reached XP level 6. HP: 16/56 MP: 5/5
  1716 | D:3      | Noticed Ijyb
  1732 | D:3      | Killed Ijyb
  1769 | D:3      | Reached skill level 5 in Armour
  2017 | D:3      | Noticed Crazy Yiuf
  2021 | D:3      | Killed Crazy Yiuf
  2609 | D:4      | Noticed Blork the orc
  2615 | D:4      | Killed Blork the orc
  2615 | D:4      | Reached XP level 7. HP: 63/63 MP: 6/6
  2875 | D:4      | Reached skill level 5 in Axes
  3024 | D:4      | Noticed Sigmund
  3053 | D:4      | Killed Sigmund
  3164 | D:4      | Found a white marble altar of Elyvilon.
  3232 | D:5      | Entered Level 5 of the Dungeon
  3379 | D:5      | Found a staircase to the Ecumenical Temple.
  3387 | D:5      | Reached XP level 8. HP: 73/73 MP: 7/7
  3407 | Temple   | Entered the Ecumenical Temple
  3558 | Temple   | Became a worshipper of Warmaster Okawaru
  3838 | D:5      | Found an oddly glowing altar of Pakellas.
  4040 | D:5      | Found a sparkling altar of Nemelex Xobeh.
  4295 | D:6      | Found a snail-covered altar of Cheibriados.
  4488 | D:6      | Found an ancient bone altar of Kikubaaqudgha.
  4671 | D:7      | Noticed Menkaure
  4672 | D:7      | Reached * piety under Okawaru
  4678 | D:7      | Killed Menkaure
  4678 | D:7      | Reached XP level 9. HP: 27/82 MP: 8/8
  4953 | D:7      | Found a bloodstained altar of Trog.
  4958 | D:7      | Reached skill level 5 in Dodging
  5156 | D:7      | Found Vewkuw's Distillery.
  5162 | D:7      | Bought a potion of curing for 36 gold pieces
  5162 | D:7      | Bought a potion of curing for 36 gold pieces
  5162 | D:7      | Bought a potion of curing for 36 gold pieces
  5162 | D:7      | Bought a potion of heal wounds for 60 gold pieces
  5206 | D:7      | Reached ** piety under Okawaru
  5624 | D:7      | Found a glowing silver altar of Zin.
  5625 | D:7      | Found an opulent altar of Gozag.
  5808 | D:8      | Found a stormy altar of Qazlal.
  6178 | D:8      | Reached *** piety under Okawaru
  6302 | D:8      | Reached XP level 10. HP: 91/91 MP: 9/9
  7516 | D:9      | Received a gift from Okawaru
  7566 | D:9      | Found a radiant altar of Vehumet.
  7781 | D:10     | Entered Level 10 of the Dungeon
  7794 | D:10     | Reached skill level 10 in Axes
  7804 | D:11     | Reached skill level 10 in Fighting
  8058 | D:10     | HP: 2/93 [electric eel/bolt of electricity (9)]
  8059 | D:10     | Killed from afar by an electric eel

Skill      XL: |  1  2  3  4  5  6  7  8  9 10 |
---------------+-------------------------------+-----
Shields        | 4 5 6 8 |  8.6
Fighting       | 4 5 6 7 8 9 10 | 10.0
Armour         | 4 5 6 7 8 |  8.7
Axes           | 3 4 5 6 9 10 | 10.1
Dodging        | 1 2 3 4 6 |  6.6

Action                   |  1- 3 |  4- 6 |  7- 9 | 10-12 || total
-------------------------+-------+-------+-------+-------++-------
Melee: War axe           |    88 |   119 |   320 |   109 ||   636
       Headbutt          |    12 |    24 |    71 |    26 ||   133
Invok: Heroism           |       |       |     2 |     6 ||     8
Evoke: Wand              |       |       |     4 |       ||     4
  Use: Potion            |     1 |       |       |     1 ||     2
       Scroll            |     4 |       |    11 |     1 ||    16
  Eat: Chunk             |       |     6 |     7 |     3 ||    16
       Bread ration      |       |       |     1 |       ||     1
       Fruit             |       |       |       |     2 ||     2
       Beef jerky        |       |       |       |     1 ||     1
Armor: Chain mail        |    65 |    60 |   162 |    76 ||   363
Dodge: Dodged            |    30 |    26 |    71 |    51 ||   178
Block: Shield            |    66 |    87 |   220 |    77 ||   450
